PINL
MEDICINE HAT BLUE JAYS @ WILLISTON WATER WOLVES
07/04/1982
 
TOP OF THE 1ST
Medicine Hat Blue Jays batting - Pitching for Williston Water Wolves : RHP Weldon Swift
Pitching: RHP Weldon Swift
Batting: LHB Kevin Bates 0-0: Fly out, F7 (Flyball, 78S, EV 80.6 MPH)
Batting: RHB Burt Milley 0-0: Ball
1-0: DOUBLE (Line Drive, 89D, EV 110.6 MPH)
Batting: LHB Jeffrey Wilson 0-0: Called Strike
0-1: Ball
1-1: Ground out 6-3 (Groundball, 6, EV 85.0 MPH)
Burt Milley to third
Batting: LHB Tom Reynolds 0-0: Foul Ball, location: 2F
0-1: Swinging Strike
0-2: Strikes out looking
Top of the 1st over - 0 runs, 1 hit, 0 errors, 1 left on base; Medicine Hat 0 - Williston 0
BOTTOM OF THE 1ST
Williston Water Wolves batting - Pitching for Medicine Hat Blue Jays : RHP Darrel Akerfelds
Pitching: RHP Darrel Akerfelds
Batting: RHB Gil Marquez 0-0: Ball
1-0: Ball
2-0: Called Strike
2-1: Fly out, F9 (Flyball, 9, EV 92.5 MPH)
Batting: LHB John Mitchell 0-0: Ground out 5-3 (Groundball, 56, EV 81.9 MPH)
Batting: RHB Pat Jelks 0-0: Swinging Strike
0-1: Swinging Strike
0-2: Ball
1-2: Ball
2-2: Foul Ball, location: 2F
2-2: Ground out 6-3 (Groundball, 56D, EV 99.4 MPH)
Bottom of the 1st over - 0 runs, 0 hits, 0 errors, 0 left on base; Medicine Hat 0 - Williston 0
TOP OF THE 2ND
Medicine Hat Blue Jays batting - Pitching for Williston Water Wolves : RHP Weldon Swift
Batting: RHB Greg Legg 0-0: Ball
1-0: Ground out 6-3 (Groundball, 6, EV 81.3 MPH)
Batting: LHB Alberto Chino 0-0: Called Strike
0-1: Ground out 2-3 (Groundball, 2L, EV 68.1 MPH)
Batting: RHB Terence Shoebridge 0-0: Ball
1-0: Called Strike
1-1: Ball
2-1: Ground out 4-3 (Groundball, 4, EV 84.4 MPH)
Top of the 2nd over - 0 runs, 0 hits, 0 errors, 0 left on base; Medicine Hat 0 - Williston 0
BOTTOM OF THE 2ND
Williston Water Wolves batting - Pitching for Medicine Hat Blue Jays : RHP Darrel Akerfelds
Batting: RHB Pat Borders 0-0: Called Strike
0-1: Ball
1-1: Ball
2-1: Ball
3-1: Base on Balls
Batting: SHB Devon White 0-0: Ground out 4-3 (Groundball, 4MS, EV 73.1 MPH)
Pat Borders to second
Batting: RHB Paul Noce 0-0: Ball
1-0: Swinging Strike
1-1: Swinging Strike
1-2: Foul Ball, location: 2F
1-2: Foul Ball, location: 2F
1-2: Fly out, F9 (Flyball, 89M, EV 83.1 MPH)
Batting: RHB Robby Thompson 0-0: Swinging Strike
0-1: Ball
1-1: Ball
2-1: Swinging Strike
2-2: Ball
3-2: Foul Ball, location: 2F
3-2: SINGLE (Line Drive, 4MD, EV 105.6 MPH)
Pat Borders to third
Pat Borders scores
Batting: RHB Jeff Hamilton 0-0: Ball
1-0: Called Strike
1-1: Fielders Choice at 2nd, 6-4 (Groundball, 56, EV 101.9 MPH)
Bottom of the 2nd over - 1 run, 1 hit, 0 errors, 1 left on base; Medicine Hat 0 - Williston 1
TOP OF THE 3RD
Medicine Hat Blue Jays batting - Pitching for Williston Water Wolves : RHP Weldon Swift
Batting: SHB Cordie Dillard 0-0: Ball
1-0: Ball
2-0: Ball
3-0: Base on Balls
Batting: SHB Manuel DelRosario 0-0: DOUBLE (Line Drive, 78D, EV 109.4 MPH)
Cordie Dillard to third
Runner from 3rd tries for Home, SAFE, no throw by CF
Batting: LHB Kevin Bates 0-0: Fly out, F8 (Flyball, 78S, EV 77.5 MPH)
Batting: RHB Burt Milley 0-0: Ball
1-0: Fly out, F8 (Flyball, 8LD, EV 94.4 MPH)
Batting: LHB Jeffrey Wilson 0-0: Fly out, F8 (Flyball, 8RM, EV 94.4 MPH)
Top of the 3rd over - 1 run, 1 hit, 0 errors, 1 left on base; Medicine Hat 1 - Williston 1
BOTTOM OF THE 3RD
Williston Water Wolves batting - Pitching for Medicine Hat Blue Jays : RHP Darrel Akerfelds
Batting: RHB Mark Kaeterle 0-0: Ball
1-0: Ball
2-0: Ground out 5-3 (Groundball, 5L, EV 78.1 MPH)
Batting: RHB Gil Marquez 0-0: Ball
1-0: Swinging Strike
1-1: Foul Ball, location: 2F
1-2: Ground out 5-3 (Groundball, 5L, EV 100.6 MPH)
Batting: LHB John Mitchell 0-0: Ground out 4-3 (Groundball, 4M, EV 78.8 MPH)
Bottom of the 3rd over - 0 runs, 0 hits, 0 errors, 0 left on base; Medicine Hat 1 - Williston 1
TOP OF THE 4TH
Medicine Hat Blue Jays batting - Pitching for Williston Water Wolves : RHP Weldon Swift
Batting: LHB Tom Reynolds 0-0: Ball
1-0: Ball
2-0: Called Strike
2-1: Swinging Strike
2-2: Reached on error, E5 (Popup, 5, EV 81.9 MPH)
Batting: RHB Greg Legg 0-0: Ball
1-0: Ball
2-0: Ball
3-0: Base on Balls
Tom Reynolds to second
Batting: LHB Alberto Chino 0-0: Fly out, F3 (Popup, 34S, EV 71.3 MPH)
Batting: RHB Terence Shoebridge 0-0: Swinging Strike
0-1: Grounds into double play, 5-4-3 (Groundball, 56, EV 81.3 MPH)
Top of the 4th over - 0 runs, 0 hits, 1 error, 1 left on base; Medicine Hat 1 - Williston 1
BOTTOM OF THE 4TH
Williston Water Wolves batting - Pitching for Medicine Hat Blue Jays : RHP Darrel Akerfelds
Batting: RHB Pat Jelks 0-0: Called Strike
0-1: Foul Ball, location: 2F
0-2: Ball
1-2: Foul Ball, location: 2F
1-2: Ball
2-2: Ball
3-2: Reached on error, E2 (Groundball, 13S, EV 70.0 MPH)
Batting: RHB Pat Borders 0-0: Ball
1-0: Ball
2-0: Called Strike
2-1: Foul Ball, location: 2F
2-2: Foul Ball, location: 2F
2-2: Ball
3-2: Base on Balls
Batting: SHB Devon White 0-0: Ball
1-0: Ball
2-0: Called Strike
2-1: Reached on error, E6 (Groundball, 6, EV 98.1 MPH)
Pat Jelks to third
Pat Borders to second
Batting: RHB Paul Noce 0-0: Ball
1-0: Fly out, F8 (Flyball, 8RXD, EV 103.8 MPH)
Runner from 3rd tags up, SCORES, no throw by CF
Batting: RHB Robby Thompson 0-0: Foul Ball, location: 2F
0-1: Swinging Strike
0-2: Ground out 5-3 (Groundball, 56S, EV 75.6 MPH)
Pat Borders to third
Devon White to second
Batting: RHB Jeff Hamilton 0-0: Ball
1-0: Called Strike
1-1: Foul Ball, location: 2F
1-2: Fly out, F2 (Popup, 25F, EV 81.3 MPH)
Bottom of the 4th over - 1 run, 0 hits, 2 errors, 2 left on base; Medicine Hat 1 - Williston 2
TOP OF THE 5TH
Medicine Hat Blue Jays batting - Pitching for Williston Water Wolves : RHP Weldon Swift
Batting: SHB Cordie Dillard 0-0: Foul Ball, location: 2F
0-1: Ball
1-1: Ball
2-1: Ball
3-1: Foul Ball, location: 2F
3-2: Foul Ball, location: 2F
3-2: Foul Ball, location: 2F
3-2: Foul Ball, location: 2F
3-2: Strikes out swinging
Batting: SHB Manuel DelRosario 0-0: Called Strike
0-1: Called Strike
0-2: TRIPLE (Line Drive, 89XD, EV 101.3 MPH)
Batting: LHB Kevin Bates 0-0: Swinging Strike
0-1: Ball
1-1: Foul Ball, location: 2F
1-2: Ball
2-2: Ball
3-2: Foul Ball, location: 2F
3-2: Base on Balls
Batting: RHB Burt Milley 0-0: Called Strike
0-1: Fly out, F9 (Flyball, 89M, EV 93.1 MPH)
Batting: LHB Jeffrey Wilson 0-0: Ball
1-0: Foul Ball, location: 2F
1-1: SINGLE (Line Drive, 4M, EV 95.6 MPH)
Manuel DelRosario scores
Kevin Bates to second
Runner from 2nd tries for 3rd, SAFE, no throw by CF
Batting: LHB Tom Reynolds 0-0: Ball
1-0: Foul Ball, location: 2F
1-1: Swinging Strike
1-2: Foul Ball, location: 2F
1-2: Foul Ball, location: 2F
1-2: Ball
2-2: Ball
3-2: Strikes out swinging
Top of the 5th over - 1 run, 2 hits, 0 errors, 2 left on base; Medicine Hat 2 - Williston 2
BOTTOM OF THE 5TH
Williston Water Wolves batting - Pitching for Medicine Hat Blue Jays : RHP Darrel Akerfelds
Batting: RHB Mark Kaeterle 0-0: Ball
1-0: Foul Ball, location: 2F
1-1: Ground out 4-3 (Groundball, 34D, EV 105.6 MPH)
Batting: RHB Gil Marquez 0-0: Called Strike
0-1: Foul Ball, location: 2F
0-2: Ground out 3-1 (Groundball, 34S, EV 76.9 MPH)
Batting: LHB John Mitchell 0-0: Ball
1-0: Foul Ball, location: 2F
1-1: Swinging Strike
1-2: Foul Ball, location: 2F
1-2: Ball
2-2: Foul Ball, location: 2F
2-2: Ball
3-2: Foul Ball, location: 2F
3-2: Ground out 3-1 (Groundball, 34S, EV 77.5 MPH)
Bottom of the 5th over - 0 runs, 0 hits, 0 errors, 0 left on base; Medicine Hat 2 - Williston 2
TOP OF THE 6TH
Medicine Hat Blue Jays batting - Pitching for Williston Water Wolves : RHP Weldon Swift
Batting: RHB Greg Legg 0-0: Foul Ball, location: 2F
0-1: Foul Ball, location: 2F
0-2: Ground out 5-3 (Groundball, 56, EV 103.1 MPH)
Batting: LHB Alberto Chino 0-0: Ball
1-0: Called Strike
1-1: Foul Ball, location: 2F
1-2: Ball
2-2: Strikes out swinging
Batting: RHB Terence Shoebridge 0-0: Ball
1-0: Foul Ball, location: 2F
1-1: SINGLE (Line Drive, 89M, EV 91.9 MPH)
Batting: SHB Cordie Dillard 0-0: Ball
1-0: Foul Ball, location: 2F
1-1: Ball
2-1: Fielders Choice at 2nd, 6-4 (Groundball, 6, EV 92.5 MPH)
Top of the 6th over - 0 runs, 1 hit, 0 errors, 1 left on base; Medicine Hat 2 - Williston 2
BOTTOM OF THE 6TH
Williston Water Wolves batting - Pitching for Medicine Hat Blue Jays : RHP Darrel Akerfelds
Batting: RHB Pat Jelks 0-0: Ball
1-0: Foul Ball, location: 2F
1-1: Ball
2-1: Called Strike
2-2: Ball
3-2: Foul Ball, location: 2F
3-2: Foul Ball, location: 2F
3-2: Ground out U3 (Groundball, 34, EV 105.0 MPH)
Batting: RHB Pat Borders 0-0: Called Strike
0-1: Ball
1-1: Swinging Strike
1-2: Foul Ball, location: 2F
1-2: Ball
2-2: Fly out, F8 (Flyball, 8RD, EV 96.9 MPH)
Batting: SHB Devon White 0-0: Fly out, F7 (Flyball, 7D, EV 88.8 MPH)
Bottom of the 6th over - 0 runs, 0 hits, 0 errors, 0 left on base; Medicine Hat 2 - Williston 2
TOP OF THE 7TH
Medicine Hat Blue Jays batting - Pitching for Williston Water Wolves : RHP Weldon Swift
Batting: SHB Manuel DelRosario 0-0: Ball
1-0: Ball
2-0: Fly out, F8 (Flyball, 8RD, EV 101.3 MPH)
Batting: LHB Kevin Bates 0-0: Ball
1-0: Ball
2-0: Ground out 6-3 (Groundball, 56, EV 106.3 MPH)
Batting: RHB Burt Milley 0-0: Foul Ball, location: 2F
0-1: Ball
1-1: Ground out 4-3 (Groundball, 4, EV 101.9 MPH)
Top of the 7th over - 0 runs, 0 hits, 0 errors, 0 left on base; Medicine Hat 2 - Williston 2
BOTTOM OF THE 7TH
Williston Water Wolves batting - Pitching for Medicine Hat Blue Jays : RHP Darrel Akerfelds
Batting: RHB Paul Noce 0-0: Ball
1-0: Called Strike
1-1: Ball
2-1: Fly out, F9 (Line Drive, 9, EV 91.9 MPH)
Batting: RHB Robby Thompson 0-0: Called Strike
0-1: Ball
1-1: Fly out, F9 (Line Drive, 9S, EV 88.8 MPH)
Batting: RHB Jeff Hamilton 0-0: Ball
1-0: Ball
2-0: Ball
3-0: Called Strike
3-1: Called Strike
3-2: Base on Balls
Batting: RHB Mark Kaeterle 0-0: Foul Ball, location: 2F
0-1: Ball
1-1: Ball
Pickoff Throw by Catcher to First - Out!
Bottom of the 7th over - 0 runs, 0 hits, 0 errors, 0 left on base; Medicine Hat 2 - Williston 2
TOP OF THE 8TH
Medicine Hat Blue Jays batting - Pitching for Williston Water Wolves : RHP Weldon Swift
Batting: LHB Jeffrey Wilson 0-0: Ball
1-0: Ball
2-0: SINGLE (Groundball, 56D, EV 101.9 MPH)
Batting: LHB Tom Reynolds 0-0: Called Strike
0-1: Swinging Strike
0-2: Ball
1-2: Grounds out, U3 (Groundball, 3L, EV 88.8 MPH)
Batting: RHB Greg Legg 0-0: Called Strike
0-1: Ball
1-1: Foul Ball, location: 2F
1-2: Strikes out looking
Batting: LHB Alberto Chino 0-0: Fly out, F4 (Flyball, 34D, EV 88.8 MPH)
Top of the 8th over - 0 runs, 1 hit, 0 errors, 1 left on base; Medicine Hat 2 - Williston 2
BOTTOM OF THE 8TH
Williston Water Wolves batting - Pitching for Medicine Hat Blue Jays : RHP Darrel Akerfelds
Batting: RHB Mark Kaeterle 0-0: Ball
1-0: Called Strike
1-1: Ball
2-1: Foul Ball, location: 2F
2-2: Foul Ball, location: 2F
2-2: Foul Ball, location: 2F
2-2: Strikes out looking
Batting: RHB Gil Marquez 0-0: Ground out 5-3 (Groundball, 5L, EV 111.9 MPH)
Batting: LHB John Mitchell 0-0: Ball
1-0: Called Strike
1-1: Foul Ball, location: 2F
1-2: Fly out, F8 (Flyball, 8RD, EV 101.3 MPH)
Bottom of the 8th over - 0 runs, 0 hits, 0 errors, 0 left on base; Medicine Hat 2 - Williston 2
TOP OF THE 9TH
Medicine Hat Blue Jays batting - Pitching for Williston Water Wolves : RHP Weldon Swift
Pitching: RHP Jeff Montgomery
Pinch Hitting: SHB Chris Gonzalez 0-0: Foul Ball, location: 2F
0-1: Ball
1-1: Ball
2-1: Reached on error, E3 (Groundball, 3L, EV 81.9 MPH)
Batting: SHB Cordie Dillard 0-0: Ball
1-0: Swinging Strike
1-1: Grounds into double play, 6-4-3 (Groundball, 6M, EV 86.9 MPH)
Pinch Hitting: LHB Jose Gomez 0-0: Called Strike
0-1: Called Strike
0-2: Ball
1-2: Ball
2-2: Ball
3-2: Foul Ball, location: 2F
3-2: Base on Balls
Batting: LHB Kevin Bates 0-0: Ball
1-0: Ball
Jose Gomez is caught stealing 2nd base 2-6
Top of the 9th over - 0 runs, 0 hits, 1 error, 0 left on base; Medicine Hat 2 - Williston 2
BOTTOM OF THE 9TH
Williston Water Wolves batting - Pitching for Medicine Hat Blue Jays : RHP Darrel Akerfelds
Pitching: RHP Omar Bencomo
Now at C: Chris Gonzalez
Now at 2B: Thomas Norko
Batting: RHB Pat Jelks 0-0: Called Strike
0-1: Called Strike
0-2: Ball
1-2: Strikes out swinging
Pinch Hitting: LHB Mike Fennell 0-0: Called Strike
0-1: Ball
1-1: SINGLE (Line Drive, 6D, EV 99.4 MPH)
Batting: SHB Devon White 0-0: Ball
1-0: Ball
2-0: Ball
3-0: Called Strike
3-1: Base on Balls
Mike Fennell to second
Pinch Runner at 2nd Jim Reboulet:
Batting: RHB Paul Noce 0-0: Fielders Choice at 2nd, 6-4 (Groundball, 6, EV 91.9 MPH)
Jim Reboulet to third
Pinch Hitting: LHB John Turner 0-0: Called Strike
0-1: Foul Ball, location: 2F
0-2: Ball
1-2: Foul Ball, location: 2F
1-2: Ground out U3 (Groundball, 34, EV 88.1 MPH)
Bottom of the 9th over - 0 runs, 1 hit, 0 errors, 2 left on base; Medicine Hat 2 - Williston 2
TOP OF THE 10TH
Medicine Hat Blue Jays batting - Pitching for Williston Water Wolves : RHP Jeff Montgomery
Now at C: Eric Lane
Now at 2B: Jim Reboulet
Batting: LHB Kevin Bates 0-0: Ball
1-0: Ball
2-0: Ball
3-0: Base on Balls
Batting: RHB Burt Milley 0-0: Bunted foul
0-1: Ball
1-1: Bunted foul
1-2: SINGLE (Line Drive, 8RS, EV 108.1 MPH)
Kevin Bates to second
Runner from 2nd tries for 3rd, SAFE, no throw by CF
Batting: LHB Jeffrey Wilson 0-0: SINGLE (Groundball, 6M, EV 107.5 MPH)
Kevin Bates scores
Burt Milley to second
Runner from 2nd tries for 3rd, SAFE, throw by CF made to third
Batting: LHB Tom Reynolds 0-0: Ball
Jeffrey Wilson steals 2nd base
1-0: Intentional Walk
Batting: RHB Greg Legg 0-0: Called Strike
0-1: DOUBLE (Line Drive, 8LXD, EV 106.3 MPH)
Burt Milley scores
Jeffrey Wilson scores
Tom Reynolds to third
Runner from 3rd tries for Home, SAFE, throw by CF to trailing runner, SAFE at third!
Pitching: LHP Dave Von Ohlen
Batting: LHB Alberto Chino 0-0: Called Strike
0-1: Ball
1-1: Foul Ball, location: 2F
1-2: Ball
2-2: Strikes out swinging
Pitching: RHP Gary Wayne
Batting: SHB Chris Gonzalez 0-0: Ball
1-0: Ball
2-0: Called Strike
2-1: Foul Ball, location: 2F
2-2: Foul Ball, location: 2F
2-2: Foul Ball, location: 2F
2-2: SINGLE (Groundball, 34D, EV 101.9 MPH)
Greg Legg scores
Batting: SHB Cordie Dillard 0-0: Called Strike
0-1: Foul Ball, location: 2F
0-2: Grounds into double play, 5-4-3 (Groundball, 5L, EV 90.0 MPH)
Top of the 10th over - 5 runs, 4 hits, 0 errors, 0 left on base; Medicine Hat 7 - Williston 2
BOTTOM OF THE 10TH
Williston Water Wolves batting - Pitching for Medicine Hat Blue Jays : RHP Omar Bencomo
Batting: RHB Jeff Hamilton 0-0: Called Strike
0-1: DOUBLE (Line Drive, 89D, EV 107.5 MPH)
Batting: RHB Mark Kaeterle 0-0: Called Strike
0-1: Ball
1-1: Ball
2-1: Ball
3-1: Foul Ball, location: 2F
3-2: Base on Balls
Batting: RHB Gil Marquez 0-0: Fielders Choice at 2nd, 6-4 (Groundball, 6, EV 78.8 MPH)
Jeff Hamilton to third
Batting: LHB John Mitchell 0-0: Ball
1-0: Ball
2-0: Called Strike
2-1: Foul Ball, location: 2F
2-2: Foul Ball, location: 2F
2-2: Ball
3-2: Base on Balls
Gil Marquez to second
Batting: RHB Pat Jelks 0-0: Called Strike
0-1: Ball
1-1: Swinging Strike
1-2: Fly out, F9 (Flyball, 9, EV 95.0 MPH)
Pitching: RHP Andrew Adams
Batting: RHB Jim Reboulet 0-0: Called Strike
0-1: Swinging Strike
0-2: Ball
1-2: Ball
2-2: Ground out 4-3 (Groundball, 4D, EV 88.1 MPH)
Bottom of the 10th over - 0 runs, 1 hit, 0 errors, 3 left on base; Medicine Hat 7 - Williston 2
Thursday, August 13th, 2020 - OOTP Baseball 21.5 Build 76